[Event "Titled Tuesday Blitz August 3 2021"]
[White "Andrews, Todd"]
[Black "Weetik, Vjacheslav"]
[WhiteFideId "2012456"]
[BlackFideId "4153472"]
[WhiteElo "2433"]
[BlackElo "2469"]
[Result "0-1"]
[Round "05"]
[TimeControl "180+1"]
[Date "2021.08.03"]
[WhiteClock "0:00:07"]
[BlackClock "0:00:05"]

1. d4 d5 2. c4 e6 3. Nc3 c6 4. e3 Bd6 5. g3 f5 6. Bg2 Nf6 7. Nf3 O-O 8. O-O Nbd7 9. b3 Ne4 10. Ne2 b6 11. Bb2 a5 12. Nf4 Qe7 13. Nd3 a4 14. Nfe5 Bxe5 15. dxe5 a3 16. Bc1 Ba6 17. Qc2 b5 18. f3 bxc4 19. bxc4 dxc4 20. Nf4 Ng5 21. Qc3 Bb5 22. Rd1 Nf7 23. Rb1 Ndxe5 24. Rb4 Qf6 25. Kh1 Rfd8 26. Re1 Nd3 27. Qxf6 gxf6 28. Nxd3 cxd3 29. Bd2 Ne5 30. Rc1 Ra4 31. Rxa4 Bxa4 32. f4 Ng4 33. Bf3 Nf2+ 34. Kg2 Ne4 35. Bxe4 fxe4 36. Rb1 c5 37. Rb6 c4 38. Ra6 Rc8 39. Bc3 Bc6 40. Ra7 Rb8 41. Bxf6 Rb2+ 42. Kh3 d2 43. Rg7+ Kf8 44. Rxh7 d1=Q 45. Rh8+ Kf7 46. Be5 Qe2 47. Rh7+ Ke8 48. Rh8+ Kd7 49. Rh7+ Kc8 50. Rc7+ Kd8 51. Rxc6 Qh5# 0-1


[Site "https://www.chess.com"]

[Event "Titled Tuesday Blitz August 3 2021"]
[White "Assaubayeva, Bibisara"]
[Black "Baskin, Robert"]
[WhiteFideId "13708694"]
[BlackFideId "24662402"]
[WhiteElo "2232"]
[BlackElo "2462"]
[Result "1-0"]
[Round "05"]
[TimeControl "180+1"]
[Date "2021.08.03"]
[WhiteClock "0:01:01"]
[BlackClock "0:00:01"]

1. d4 Nf6 2. c4 e6 3. Nf3 b6 4. g3 Ba6 5. b3 Bb4+ 6. Bd2 Be7 7. Bg2 O-O 8. O-O d5 9. Bf4 c6 10. Nfd2 Nbd7 11. Nc3 Rc8 12. e4 dxe4 13. Ndxe4 Nxe4 14. Nxe4 Nf6 15. Re1 Nxe4 16. Bxe4 Bf6 17. Be5 c5 18. Qh5 g6 19. Qf3 Bxe5 20. dxe5 Qe7 21. h4 h5 22. Rad1 Rcd8 23. Qf4 Kg7 24. Rd6 Rxd6 25. exd6 Qf6 26. Qg5 Qxg5 27. hxg5 Rd8 28. Rd1 f5 29. gxf6+ Kxf6 30. f4 g5 31. fxg5+ Kxg5 32. Bc6 Kf6 33. d7 e5 34. Kg2 Ke7 35. Kh3 Rg8 36. Rd5 Kd8 37. Rxe5 Kc7 38. Re8 Kxc6 39. d8=Q 1-0


[Site "https://www.chess.com"]

[Event "Titled Tuesday Blitz August 3 2021"]
[White "Ataman, Alper Efe"]
[Black "Sarana, Alexey"]
[WhiteFideId "6301606"]
[BlackFideId "24133795"]
[WhiteElo "2023"]
[BlackElo "2646"]
[Result "0-1"]
[Round "05"]
[TimeControl "180+1"]
[Date "2021.08.03"]
[WhiteClock "0:00:04"]
[BlackClock "0:01:44"]

1. d4 Nf6 2. c4 e6 3. Nc3 Bb4 4. g3 O-O 5. Bg2 d5 6. Nf3 dxc4 7. O-O Nc6 8. Bg5 Rb8 9. e4 Be7 10. Bxf6 Bxf6 11. e5 Be7 12. Qd2 b5 13. Rad1 Nb4 14. Ne1 a6 15. a3 Nd5 16. Nxd5 exd5 17. f4 f5 18. Nc2 c6 19. h3 a5 20. Kh2 b4 21. axb4 axb4 22. Rg1 Kh8 23. Bf3 Be6 24. g4 Qd7 25. Ne3 fxg4 26. Nxg4 Bh4 27. Rdf1 g6 28. Bd1 Bf5 29. Bc2 b3 30. Bxf5 Qxf5 31. Ne3 Qh5 32. Rg4 Be7 33. Qf2 Rf7 34. f5 gxf5 35. Nxf5 Rbf8 36. Rf4 Bg5 37. Rf3 Qg6 38. Nh4 Bxh4 39. Rxf7 Bxf2 40. Rxf8+ Kg7 41. R1xf2 c3 42. bxc3 b2 43. Rb8 b1=Q 44. Rg2 Qxb8 0-1


[Site "https://www.chess.com"]

[Event "Titled Tuesday Blitz August 3 2021"]
[White "Bortnyk, Olexandr"]
[Black "Babazada, Khazar"]
[WhiteFideId "14120828"]
[BlackFideId "13413554"]
[WhiteElo "2723"]
[BlackElo "2344"]
[Result "1-0"]
[Round "05"]
[TimeControl "180+1"]
[Date "2021.08.03"]
[WhiteClock "0:00:15"]
[BlackClock "0:00:13"]

1. e4 c5 2. c3 g6 3. d4 cxd4 4. cxd4 Bg7 5. Nc3 d6 6. Nf3 Nf6 7. h3 O-O 8. Be2 a6 9. a4 Nc6 10. O-O Nb4 11. Be3 d5 12. e5 Ne4 13. Qb3 a5 14. Nxe4 dxe4 15. Ng5 b6 16. Bc4 e6 17. Nxe4 Bb7 18. Nd6 Bd5 19. Rac1 Qh4 20. Bxd5 Nxd5 21. Qd3 Rad8 22. Qe4 Qe7 23. Rc6 Kh8 24. Rfc1 f6 25. Nc4 f5 26. Qf3 Rb8 27. Nd6 h6 28. Bd2 Kh7 29. Nb5 Rbd8 30. Qb3 Rd7 31. Rd6 Rfd8 32. Rcc6 Rxd6 33. Nxd6 Rd7 34. Rc8 Qh4 35. Qc4 f4 36. Qd3 Qh5 37. Qf3 Qxf3 38. gxf3 Ne7 39. Rb8 g5 40. Rxb6 Rc7 41. Rb7 Rc2 42. Rxe7 1-0


[Site "https://www.chess.com"]

[Event "Titled Tuesday Blitz August 3 2021"]
[White "Brunner, Nicolas"]
[Black "Maltsevskaya, Aleksandra"]
[WhiteFideId "620246"]
[BlackFideId "24174041"]
[WhiteElo "2372"]
[BlackElo "2225"]
[Result "1-0"]
[Round "05"]
[TimeControl "180+1"]
[Date "2021.08.03"]
[WhiteClock "0:00:19"]
[BlackClock "0:00:10"]

1. d4 Nf6 2. c4 b6 3. Nc3 Bb7 4. Qc2 d5 5. cxd5 Nxd5 6. e4 Nxc3 7. bxc3 e6 8. Nf3 Be7 9. Bd3 O-O 10. O-O c5 11. a4 cxd4 12. cxd4 Nc6 13. Qb2 Nb4 14. Bb1 Ba6 15. Rd1 Rc8 16. Be3 Qc7 17. h4 Qc3 18. Qxc3 Rxc3 19. d5 exd5 20. exd5 Be2 21. Rd4 Bxf3 22. gxf3 Bc5 23. Re4 Bxe3 24. Rxe3 Rc1+ 25. Kg2 Nxd5 26. Bxh7+ Kxh7 27. Rxc1 Nxe3+ 28. fxe3 a6 29. Rc7 Re8 30. e4 Kg8 31. Ra7 a5 32. Rb7 Re6 33. Kg3 Rc6 34. Kf4 Rf6+ 35. Kg4 Kh7 36. e5 Re6 37. f4 f6 38. Kf5 Rc6 39. e6 Rc5+ 40. Kg4 Rc6 41. f5 Rc3 42. Rxb6 Rc4+ 43. Kg3 Rxa4 44. e7 Ra3+ 45. Kf2 Ra2+ 46. Ke1 Ra4 47. e8=Q 1-0


[Site "https://www.chess.com"]

[Event "Titled Tuesday Blitz August 3 2021"]
[White "Chen, Max"]
[Black "Ulko, Jaroslav"]
[WhiteFideId "2622440"]
[BlackFideId "4116658"]
[WhiteElo "2434"]
[BlackElo "2304"]
[Result "1-0"]
[Round "05"]
[TimeControl "180+1"]
[Date "2021.08.03"]
[WhiteClock "0:00:22"]
[BlackClock "0:00:46"]

1. e4 c5 2. Nf3 e6 3. d4 cxd4 4. Nxd4 Nc6 5. Nc3 Qc7 6. Be3 a6 7. Qd2 Nf6 8. f3 Be7 9. O-O-O b5 10. g4 Nxd4 11. Bxd4 Bb7 12. g5 Nh5 13. Bh3 O-O 14. Bg4 Nf4 15. h4 b4 16. Ne2 Nxe2+ 17. Qxe2 d5 18. e5 Bc5 19. h5 Bxd4 20. Rxd4 Qb6 21. Qe3 Rac8 22. g6 fxg6 23. hxg6 h6 24. Rxh6 gxh6 25. Qxh6 Rc7 26. g7 Rxg7 27. Bxe6+ Qxe6 28. Qxe6+ Rff7 29. Rf4 d4 30. Qe8+ 1-0


[Site "https://www.chess.com"]

[Event "Titled Tuesday Blitz August 3 2021"]
[White "Cunjalo, Faris"]
[Black "Jacobson, Aaron"]
[WhiteFideId "14410710"]
[BlackFideId "2089912"]
[WhiteElo "2234"]
[BlackElo "2265"]
[Result "1-0"]
[Round "05"]
[TimeControl "180+1"]
[Date "2021.08.03"]
[WhiteClock "0:00:50"]
[BlackClock "0:00:30"]

1. d4 Nf6 2. c4 c5 3. d5 g6 4. Nc3 Bg7 5. e4 d6 6. Nf3 O-O 7. Be2 e6 8. h3 Nbd7 9. dxe6 fxe6 10. Qxd6 Nb8 11. Qxc5 Nc6 12. O-O Nd7 13. Qd6 Qe8 14. Be3 h6 15. Nb5 Qf7 16. Nc7 Rb8 17. Nxe6 Re8 18. Nxg7 Qxg7 19. Rad1 Qxb2 20. Qxg6+ Kf8 21. Bxh6+ Ke7 22. Qd6+ Kd8 23. Bg5+ Ne7 24. Ne5 Qxe2 25. Nf7# 1-0


[Site "https://www.chess.com"]

[Event "Titled Tuesday Blitz August 3 2021"]
[White "Damjanovic, Vladimir"]
[Black "Alavi, Sayed Javad"]
[WhiteFideId "903795"]
[BlackFideId "12500607"]
[WhiteElo "2374"]
[BlackElo "2495"]
[Result "0-1"]
[Round "05"]
[TimeControl "180+1"]
[Date "2021.08.03"]
[WhiteClock "0:00:08"]
[BlackClock "0:00:12"]

1. e4 c5 2. Nf3 e6 3. g3 Nc6 4. Bg2 Nf6 5. Qe2 e5 6. O-O Be7 7. c3 O-O 8. Na3 Re8 9. d3 Bf8 10. Bg5 h6 11. Bxf6 Qxf6 12. Nc4 d6 13. a3 Qd8 14. b4 b5 15. Ne3 Be6 16. Nd2 cxb4 17. axb4 a5 18. bxa5 Rxa5 19. f4 f6 20. Nd5 Ra4 21. Rxa4 bxa4 22. Ra1 exf4 23. Nxf4 Qb6+ 24. Qf2 Qb2 25. Rxa4 Qxc3 26. Nxe6 Rxe6 27. Rc4 Qa1+ 28. Qf1 Qa7+ 29. Qf2 Qa1+ 30. Qf1 Qa7+ 31. Kh1 Ne5 32. d4 Nxc4 33. Qxc4 Qf7 34. e5 Qe7 35. Bd5 Kf7 36. exd6 Qxd6 37. Ne4 Qd7 38. Kg2 Bd6 39. Nc5 Bxc5 40. dxc5 Ke7 41. Bxe6 Qxe6 42. Qc2 Qd5+ 43. Kf2 Qd4+ 44. Kg2 Qd5+ 45. Kf1 Qh1+ 46. Ke2 Qxh2+ 47. Kd3 Qxc2+ 48. Kxc2 Kd7 49. Kd3 Kc6 50. Kd4 g6 51. Kc4 h5 52. Kd4 g5 53. Ke4 Kxc5 54. Kf5 Kd4 55. Kxf6 h4 0-1


[Site "https://www.chess.com"]

[Event "Titled Tuesday Blitz August 3 2021"]
[White "Dang, Hoang Son"]
[Black "Begunov, Konstantin"]
[WhiteFideId "12402435"]
[BlackFideId "4118510"]
[WhiteElo "2248"]
[BlackElo "2262"]
[Result "1-0"]
[Round "05"]
[TimeControl "180+1"]
[Date "2021.08.03"]
[WhiteClock "0:00:22"]
[BlackClock "0:00:15"]

1. d4 d5 2. c4 c6 3. Nf3 Nf6 4. e3 a6 5. Bd3 Bg4 6. b3 Nbd7 7. Bb2 e6 8. Nbd2 Bd6 9. Qc2 Qe7 10. h3 Bh5 11. O-O O-O 12. Ne5 Rac8 13. e4 Bxe5 14. dxe5 Nxe4 15. Nxe4 dxe4 16. Bxe4 Bg6 17. Bxg6 fxg6 18. Rad1 Rfd8 19. Rd6 Nf8 20. Rfd1 Rd7 21. Ba3 Qe8 22. Bb4 Rcd8 23. Ba5 Rc8 24. Qd2 Rxd6 25. Qxd6 Qf7 26. Rd3 Qf5 27. Rf3 Qb1+ 28. Kh2 Re8 29. Bb4 h6 30. Rxf8+ Rxf8 31. Qxf8+ Kh7 32. Qf7 Qe4 33. f4 g5 34. Bd2 Qd4 35. fxg5 hxg5 36. Qh5+ Kg8 37. Qxg5 b5 38. cxb5 cxb5 39. Bf4 a5 40. h4 a4 41. h5 Qe4 42. h6 g6 43. Qd8+ Kh7 44. Qe7+ Kh8 45. Qg7# 1-0


[Site "https://www.chess.com"]

[Event "Titled Tuesday Blitz August 3 2021"]
[White "Darini, Pouria"]
[Black "Zhigalko, Sergei"]
[WhiteFideId "12502200"]
[BlackFideId "13502956"]
[WhiteElo "2489"]
[BlackElo "2662"]
[Result "0-1"]
[Round "05"]
[TimeControl "180+1"]
[Date "2021.08.03"]
[WhiteClock "0:00:04"]
[BlackClock "0:00:22"]

1. e4 c5 2. Nf3 Nc6 3. Bb5 Nf6 4. Nc3 Qc7 5. O-O Nd4 6. Nxd4 cxd4 7. Nd5 Nxd5 8. exd5 Qc5 9. c4 a6 10. Ba4 Qxc4 11. d3 Qxd5 12. Bb3 Qf5 13. Re1 e6 14. Re4 b5 15. Rf4 Qe5 16. Bd2 Bb7 17. Qg4 h5 18. Qh3 Rc8 19. Re1 Qxe1+ 20. Bxe1 Rc1 21. f3 Bb4 22. Kf2 Bxe1+ 23. Ke2 Ba5 24. Qg3 O-O 25. Rxd4 Re1+ 26. Kf2 Rb1 27. Ke2 Rxb2+ 28. Kf1 Rc8 29. Bd1 Rc1 30. Qb8+ Bc8 0-1


[Site "https://www.chess.com"]

[Event "Titled Tuesday Blitz August 3 2021"]
[White "Daulyte-Cornette, Deimante"]
[Black "Dronavalli, Harika"]
[WhiteFideId "12802859"]
[BlackFideId "5015197"]
[WhiteElo "2285"]
[BlackElo "2422"]
[Result "0-1"]
[Round "05"]
[TimeControl "180+1"]
[Date "2021.08.03"]
[WhiteClock "0:00:50"]
[BlackClock "0:01:55"]

1. e4 c5 2. Nc3 g6 3. d4 cxd4 4. Qxd4 Nf6 5. Nf3 Nc6 6. Qa4 d6 7. e5 dxe5 8. Nxe5 Qd4 9. Nxc6 Qxa4 10. Nxa4 bxc6 11. Bd2 Bg7 12. Bd3 Nd5 13. c4 Nb6 14. Nc3 O-O 15. O-O Rd8 16. c5 Rxd3 17. Bg5 Nd5 18. Nxd5 Rxd5 19. Bxe7 Bf5 20. Rad1 Rxd1 21. Rxd1 Bxb2 22. Rd6 Rc8 23. Bd8 Ba3 0-1


[Site "https://www.chess.com"]

[Event "Titled Tuesday Blitz August 3 2021"]
[White "Demidov, Mikhail"]
[Black "Ambartsumova, Karina"]
[WhiteFideId "4197143"]
[BlackFideId "4166299"]
[WhiteElo "2598"]
[BlackElo "2262"]
[Result "1-0"]
[Round "05"]
[TimeControl "180+1"]
[Date "2021.08.03"]
[WhiteClock "0:00:16"]
[BlackClock "0:00:01"]

1. Nf3 Nf6 2. g3 g6 3. b3 Bg7 4. Bb2 O-O 5. Bg2 d6 6. d4 c5 7. O-O cxd4 8. Nxd4 d5 9. c4 dxc4 10. Na3 Nbd7 11. Nxc4 Nb6 12. Qc2 e5 13. Nxe5 Re8 14. Nef3 Bd7 15. Rac1 Rc8 16. Qb1 Qe7 17. Rxc8 Bxc8 18. e3 Bg4 19. h3 Bd7 20. Ne2 Bb5 21. Re1 Ne4 22. Nfd4 Nxf2 23. Nf4 Bxd4 24. Bxd4 Ne4 25. Bxb6 axb6 26. Nd5 Qg5 27. Bxe4 Rxe4 28. Nf6+ Qxf6 29. Qxe4 Bc6 30. Qf4 Qb2 31. Qf2 Qe5 32. e4 Bxe4 33. Kh2 f5 34. Re2 Qc3 35. Qe3 Qa1 36. Qg1 Qc3 37. Qe1 Qf3 38. Rf2 Qd3 39. Rd2 Qf3 40. Qc1 Kh8 41. h4 Kg7 42. Rd7+ Kf6 43. Qg5+ Ke6 44. Qe7# 1-0


[Site "https://www.chess.com"]

[Event "Titled Tuesday Blitz August 3 2021"]
[White "Devaev, Alexander"]
[Black "Shyaamnikhil P"]
[WhiteFideId "4169395"]
[BlackFideId "5024218"]
[WhiteElo "2185"]
[BlackElo "2300"]
[Result "0-1"]
[Round "05"]
[TimeControl "180+1"]
[Date "2021.08.03"]
[WhiteClock "0:00:12"]
[BlackClock "0:00:33"]

1. d4 Nf6 2. c4 e6 3. Nf3 Bb4+ 4. Bd2 a5 5. g3 O-O 6. Bg2 Nc6 7. O-O Bxd2 8. Nbxd2 d6 9. e4 e5 10. d5 Nb8 11. Ne1 Nfd7 12. Nd3 Na6 13. f4 exf4 14. gxf4 Ndc5 15. Nxc5 Nxc5 16. Qf3 Qf6 17. b3 Qd4+ 18. Qf2 Qxf2+ 19. Rxf2 f5 20. e5 g5 21. exd6 cxd6 22. fxg5 Bd7 23. Re2 Rae8 24. Rae1 Nd3 25. Rxe8 Rxe8 26. Rxe8+ Bxe8 27. Bf1 Nb4 28. a3 Nc2 29. a4 Kg7 30. h4 Nd4 31. Kf2 f4 32. Bd3 h6 33. gxh6+ Kxh6 34. Be2 Bg6 35. Bd1 Kg7 36. Nf3 Nxf3 37. Bxf3 Bc2 38. c5 Bxb3 39. c6 bxc6 40. dxc6 Bxa4 41. c7 Bd7 42. Bb7 a4 43. c8=Q Bxc8 44. Bxc8 d5 45. Be6 d4 46. Kf3 d3 47. Kf2 a3 48. Ke1 f3 49. Bd5 Kh6 50. Kf2 d2 51. Bxf3 a2 52. Bd1 a1=Q 0-1


[Site "https://www.chess.com"]

[Event "Titled Tuesday Blitz August 3 2021"]
[White "Diaz Perez, Michel Alejandro"]
[Black "Shahade, Gregory"]
[WhiteFideId "3517179"]
[BlackFideId "2009064"]
[WhiteElo "2337"]
[BlackElo "2720"]
[Result "0-1"]
[Round "05"]
[TimeControl "180+1"]
[Date "2021.08.03"]
[WhiteClock "0:00:59"]
[BlackClock "0:01:09"]

1. d4 Nf6 2. c4 g6 3. Nc3 d5 4. Nf3 Bg7 5. Bg5 Ne4 6. cxd5 Nxg5 7. Nxg5 O-O 8. h4 c6 9. e3 cxd5 10. h5 e5 11. Nf3 exd4 12. Nxd4 Nc6 13. hxg6 hxg6 14. Nxc6 bxc6 15. Bd3 d4 16. Ne4 dxe3 17. Qc2 exf2+ 18. Nxf2 Re8+ 19. Kf1 Rb8 20. b3 Bxa1 21. Bxg6 Ba6+ 22. Bd3 Bxd3+ 23. Nxd3 Qf6+ 24. Kg1 Bd4+ 0-1


[Site "https://www.chess.com"]

[Event "Titled Tuesday Blitz August 3 2021"]
[White "Dvirnyy, Danyyil"]
[Black "Terry, Renato"]
[WhiteFideId "817570"]
[BlackFideId "3803457"]
[WhiteElo "2531"]
[BlackElo "2581"]
[Result "1-0"]
[Round "05"]
[TimeControl "180+1"]
[Date "2021.08.03"]
[WhiteClock "0:00:09"]
[BlackClock "0:00:03"]

1. e4 e6 2. d4 d5 3. Nc3 Nf6 4. Bg5 Bb4 5. e5 h6 6. Bd2 Bxc3 7. bxc3 Ne4 8. Qg4 g6 9. Bd3 Nxd2 10. Kxd2 c5 11. h4 Nc6 12. Qf4 cxd4 13. cxd4 Qa5+ 14. c3 b6 15. Nf3 Ba6 16. Bxa6 Qxa6 17. Qf6 Rg8 18. a4 Na5 19. Rhb1 Rc8 20. Rb4 Qb7 21. g3 Qc6 22. Rc1 Rc7 23. Nh2 Nc4+ 24. Ke1 a5 25. Rb5 Na3 26. Rb3 Nc4 27. Rb5 Na3 28. Rb3 Nc4 29. Ra1 Qd7 30. Ng4 h5 31. Nh6 Rf8 32. Qg7 Qc8 33. Ng8 Kd7 34. Nf6+ Kc6 35. Qh6 Kb7 36. Rb5 Ka7 37. f3 Rd8 38. Qf4 Re7 39. Kf2 Rc7 40. g4 hxg4 41. fxg4 Rh8 42. h5 Qf8 43. Rb3 Qg7 44. Rh1 Qf8 45. h6 b5 46. axb5 a4 47. Ra1 Nb6 48. g5 Kb7 49. Rba3 Qa8 50. Ng4 Qa5 51. Ne3 Qxb5 52. Qf3 Rxc3 53. Qxf7+ Rc7 54. Qf3 Qb2+ 55. Kg3 Qxd4 56. Qf4 Qb2 57. Rxa4 Nxa4 58. Qxa4 Qxe5+ 59. Kg2 Qxg5+ 60. Kf1 Rf8+ 61. Ke2 Qh5+ 62. Kd3 Rb8 63. Qa6# 1-0


[Site "https://www.chess.com"]

[Event "Titled Tuesday Blitz August 3 2021"]
[White "Egorov, Evgeny"]
[Black "Savchenko, Boris"]
[WhiteFideId "13700421"]
[BlackFideId "4147332"]
[WhiteElo "2422"]
[BlackElo "2542"]
[Result "0-1"]
[Round "05"]
[TimeControl "180+1"]
[Date "2021.08.03"]
[WhiteClock "0:00:01"]
[BlackClock "0:00:08"]

1. e4 c5 2. Nc3 g6 3. Nf3 Bg7 4. h4 d6 5. h5 Bg4 6. d4 cxd4 7. h6 Be5 8. Ne2 Nc6 9. Nxe5 dxe5 10. Qd3 Nf6 11. Qb5 Nxe4 12. Qxb7 Rc8 13. f3 Nd6 14. Qa6 Bf5 15. Qa4 O-O 16. Ng3 Bxc2 17. Qxc2 Nb4 18. Qb1 Nc2+ 19. Kf2 f5 20. b3 Qb6 21. Bc4+ Nxc4 22. bxc4 Nxa1 23. Qxa1 Rxc4 24. Bg5 Rc2+ 25. Kg1 Rfc8 26. Kh2 Kf7 27. Re1 R8c5 28. Qd1 Qc6 29. Qd3 Qd5 30. Qa6 Rxa2 31. Qd3 Rcc2 32. Kh3 Rxg2 33. Rh1 Qe6 34. Kh4 f4 35. Nf1 Raf2 36. Qe4 Rxf1 37. Bxf4 Qf6+ 38. Kh3 Rxh1+ 39. Kxg2 Qxf4 40. Qd5+ Kf6 41. Kxh1 Qxh6+ 0-1


[Site "https://www.chess.com"]

[Event "Titled Tuesday Blitz August 3 2021"]
[White "Erdogdu, Mert"]
[Black "Yoo, Christopher Woojin"]
[WhiteFideId "6301495"]
[BlackFideId "30909694"]
[WhiteElo "2485"]
[BlackElo "2105"]
[Result "0-1"]
[Round "05"]
[TimeControl "180+1"]
[Date "2021.08.03"]
[WhiteClock "0:00:01"]
[BlackClock "0:00:20"]

1. e4 e5 2. Nf3 Nc6 3. Bc4 Nf6 4. d3 h6 5. O-O d6 6. c3 g5 7. Bb3 Bg7 8. Nbd2 O-O 9. Nc4 Be6 10. Ne3 d5 11. exd5 Nxd5 12. Nc4 b5 13. Na3 a6 14. Re1 Re8 15. Nc2 g4 16. Nd2 Nf4 17. Bxe6 Rxe6 18. d4 exd4 19. Rxe6 Nxe6 20. Qxg4 dxc3 21. bxc3 Qd3 22. Ne3 Qxc3 23. Rb1 Ne5 24. Qe4 Rd8 25. Ndf1 Qd3 26. Ng3 Qxe4 27. Nxe4 f5 28. Nd2 Nd3 29. Nf3 f4 30. Nf5 Bf8 31. Kf1 Rd5 32. g4 fxg3 33. Nxg3 Nxc1 34. Rxc1 c5 35. Ne4 Kf7 36. Ke2 c4 37. Ke3 Rd3+ 38. Ke2 Nf4+ 39. Kf1 Rxf3 0-1


[Site "https://www.chess.com"]

[Event "Titled Tuesday Blitz August 3 2021"]
[White "Fernandez Hernandez, Arturo A."]
[Black "Nilsson, Joakim"]
[WhiteFideId "3509230"]
[BlackFideId "1723383"]
[WhiteElo "2400"]
[BlackElo "2180"]
[Result "1-0"]
[Round "05"]
[TimeControl "180+1"]
[Date "2021.08.03"]
[WhiteClock "0:01:13"]
[BlackClock "0:02:00"]

1. e4 c6 2. d4 d5 3. exd5 cxd5 4. Bd3 Nc6 5. c3 Nf6 6. Bf4 Bg4 7. Qb3 e5 8. dxe5 Qe7 9. Bb5 Bd7 10. Nf3 Nh5 11. Be3 Nxe5 12. Nxe5 Qxe5 13. Bxd7+ Kxd7 14. Qxb7+ Ke6 15. Qxa8 Bc5 16. Qc6+ Bd6 17. Nd2 Nf4 18. O-O-O Nd3+ 19. Kb1 Qf5 20. Ka1 Rb8 21. Nb3 a5 22. Nd4+ 1-0


[Site "https://www.chess.com"]

[Event "Titled Tuesday Blitz August 3 2021"]
[White "Firat, Burak"]
[Black "Serikbay, Assel"]
[WhiteFideId "6305881"]
[BlackFideId "13706799"]
[WhiteElo "2531"]
[BlackElo "2044"]
[Result "0-1"]
[Round "05"]
[TimeControl "180+1"]
[Date "2021.08.03"]
[WhiteClock "0:00:12"]
[BlackClock "0:00:03"]

1. c4 e5 2. Nc3 Nf6 3. e3 d5 4. cxd5 Nxd5 5. Nf3 Nxc3 6. bxc3 Bd6 7. d4 exd4 8. cxd4 O-O 9. Bc4 c5 10. dxc5 Qa5+ 11. Bd2 Qxc5 12. Rc1 Qh5 13. Bc3 Qg6 14. Nh4 Qh6 15. g3 Bh3 16. Qf3 Nc6 17. Nf5 Bxf5 18. Qxf5 Rae8 19. O-O Ne5 20. Be2 g6 21. Qf4 Qh3 22. Rfd1 Bb8 23. Qh4 Qxh4 24. gxh4 Rd8 25. f4 Nc6 26. Bf6 Rd6 27. Rxd6 Bxd6 28. Bf3 Ne7 29. Bxb7 Rb8 30. Bf3 Nf5 31. Kf2 Re8 32. Rc3 Nxe3 33. Bd4 Nf5 34. Bxa7 Bxf4 35. a4 Bxh2 36. a5 Bg3+ 37. Kg2 Be1 38. Rc5 Nxh4+ 39. Kf1 Nxf3 40. Bb6 Nd2+ 41. Kg2 Re2+ 42. Kh3 Ne4 43. Rc8+ Kg7 44. Bd4+ Kh6 45. Kg4 f5+ 46. Kh3 Ng5# 0-1


[Site "https://www.chess.com"]

[Event "Titled Tuesday Blitz August 3 2021"]
[White "Gokerkan, Cem Kaan"]
[Black "AshotParvanyan"]
[WhiteFideId "6336760"]
[WhiteElo "2361"]
[BlackElo "2564"]
[Result "1-0"]
[Round "05"]
[TimeControl "180+1"]
[Date "2021.08.03"]
[WhiteClock "0:00:25"]
[BlackClock "0:00:01"]

1. e4 e6 2. d4 d5 3. Nd2 Be7 4. Ngf3 Nf6 5. Bd3 c5 6. e5 Nfd7 7. c3 Nc6 8. O-O h5 9. Re1 cxd4 10. cxd4 g5 11. Nb3 g4 12. Nfd2 Nb4 13. Bb1 a5 14. a3 Nc6 15. a4 Nb4 16. Nf1 b6 17. f4 gxf3 18. Qxf3 Ba6 19. Bd2 Bg5 20. Ne3 Qe7 21. Rc1 Rc8 22. Rxc8+ Bxc8 23. h3 Kd8 24. Nc2 Bxd2 25. Nxd2 Ba6 26. Ra3 Qg5 27. Qe3 Qxe3+ 28. Rxe3 Nxc2 29. Bxc2 Ke7 30. Rc3 Kd8 31. Bd1 h4 32. Nf3 Nf8 33. Rc6 Nd7 34. Ng5 Bb7 35. Nxf7+ Ke7 36. Nxh8 Bxc6 37. Ng6+ Kf7 38. Nxh4 1-0


[Site "https://www.chess.com"]

[Event "Titled Tuesday Blitz August 3 2021"]
[White "Goltsev, Dmitry"]
[Black "Song, Michael"]
[WhiteFideId "24176710"]
[BlackFideId "2613190"]
[WhiteElo "2366"]
[BlackElo "2274"]
[Result "1/2-1/2"]
[Round "05"]
[TimeControl "180+1"]
[Date "2021.08.03"]
[WhiteClock "0:00:05"]
[BlackClock "0:00:05"]

1. e4 e5 2. Nf3 Nc6 3. Bb5 Nf6 4. O-O Nxe4 5. d4 Nd6 6. Bxc6 dxc6 7. dxe5 Nf5 8. Qe2 Nd4 9. Nxd4 Qxd4 10. Rd1 Bg4 11. Rxd4 Bxe2 12. Nc3 Bh5 13. Bg5 Bc5 14. Rd2 h6 15. Ne4 Bxf2+ 16. Kxf2 hxg5 17. Nxg5 Bg6 18. Kg3 Ke7 19. Rad1 Bf5 20. c3 Be6 21. Nxe6 Kxe6 22. Rd7 Rac8 23. R7d4 Rh5 24. Rg4 g6 25. Rf4 Rg5+ 26. Kf2 Rxe5 27. g4 Rh8 28. Kg1 Re2 29. Rd8 Rhxh2 30. Re8+ Kd6 31. Rf8 Reg2+ 32. Kf1 Rxb2 33. Kg1 Rbg2+ 34. Kf1 Rxa2 35. Kg1 Rhc2 36. R8xf7 Rc1+ 37. Rf1 Rxf1+ 38. Kxf1 Ke6 39. Rxc7 Rb2 40. Ke1 a5 41. Kd1 a4 42. Kc1 a3 43. Rc8 Kd5 44. Ra8 Rb3 45. Kc2 Rb2+ 46. Kd3 Rg2 47. Ra5+ b5 48. Rxa3 Rg3+ 49. Kc2 Rxg4 50. Ra8 Rg3 51. Rd8+ Kc5 52. Rd4 g5 53. Re4 g4 54. Kb3 Rg2 55. Re5+ Kb6 56. Rg5 Kc7 57. Rg6 Kd7 58. Kb4 g3 59. Kc5 Rg1 60. Rg7+ Ke6 61. Kxc6 Kf5 62. Kxb5 Kf4 63. c4 Re1 64. Kc6 Re6+ 65. Kd5 Re5+ 66. Kd4 Re4+ 67. Kd3 Re3+ 68. Kd2 Re6 69. Kc3 Kf3 70. c5 g2 71. Rg5 Re3+ 72. Kd2 Re4 73. Rxg2 Kxg2 74. Kd3 Kf3 75. Kc3 Re1 76. Kd4 Rd1+ 77. Ke5 Rc1 78. Kd6 Rd1+ 79. Ke5 Rc1 80. Kd6 Ke4 81. c6 Rd1+ 82. Ke7 Kd5 83. c7 Rc1 84. Kd8 Rxc7 85. Kxc7 1/2-1/2


[Site "https://www.chess.com"]

[Event "Titled Tuesday Blitz August 3 2021"]
[White "Golubev, Mikhail"]
[Black "Mekhitarian, Krikor Sevag"]
[WhiteFideId "14100983"]
[BlackFideId "2107660"]
[WhiteElo "2374"]
[BlackElo "2598"]
[Result "1-0"]
[Round "05"]
[TimeControl "180+1"]
[Date "2021.08.03"]
[WhiteClock "0:00:09"]
[BlackClock "0:00:01"]

1. e4 c5 2. Nf3 g6 3. d4 cxd4 4. Nxd4 Nc6 5. Nc3 Bg7 6. Be3 Nf6 7. Nxc6 bxc6 8. e5 Ng8 9. Bd4 Qc7 10. f4 Nh6 11. e6 O-O 12. Bxg7 Kxg7 13. exd7 Bxd7 14. Qd4+ Kg8 15. O-O-O Rad8 16. Be2 Be6 17. Qf2 Rb8 18. Rd4 Qa5 19. Ra4 Qb6 20. Qxb6 axb6 21. Ra7 Nf5 22. Bg4 Rfe8 23. Re1 Kf8 24. Ne4 h6 25. b3 Red8 26. a4 Nd4 27. Bxe6 Nxe6 28. g3 Rd5 29. Rd1 Nd4 30. Nc3 Rdd8 31. Kb2 b5 32. axb5 cxb5 33. Rd3 b4 34. Nd1 Rbc8 35. Ne3 Nf3 36. Rxd8+ Rxd8 37. Rb7 Nxh2 38. Rxb4 h5 39. Rc4 Rb8 40. b4 Nf3 41. Kc3 e5 42. Nd5 exf4 43. Rxf4 Ng5 44. Nc7 Ke7 45. b5 Kd7 46. Rc4 f5 47. Kd4 Ne4 48. Kd5 Nxg3 49. Rc6 Ne4 50. b6 g5 51. Na6 Rb7 52. Nc5+ Nxc5 53. Kxc5 1-0


[Site "https://www.chess.com"]

[Event "Titled Tuesday Blitz August 3 2021"]
[White "Grabinsky, Aaron"]
[Black "Anuj Shrivatri"]
[WhiteFideId "2087090"]
[BlackFideId "35070924"]
[WhiteElo "2353"]
[BlackElo "2038"]
[Result "1-0"]
[Round "05"]
[TimeControl "180+1"]
[Date "2021.08.03"]
[WhiteClock "0:00:15"]
[BlackClock "0:00:04"]

1. e4 d6 2. Nc3 Nf6 3. Bc4 g6 4. d3 Bg7 5. f4 c5 6. Nf3 Nc6 7. O-O O-O 8. h3 a6 9. Qe1 b5 10. Bb3 e6 11. Qh4 Nd7 12. Qf2 Nd4 13. Nxd4 cxd4 14. Ne2 Qb6 15. f5 Nf6 16. g4 exf5 17. gxf5 Kh8 18. Bg5 h6 19. Bd2 a5 20. a3 a4 21. Ba2 Bd7 22. Kh2 Nh5 23. Nf4 Be5 24. Kh1 Nxf4 25. Bxf4 g5 26. Bxe5+ dxe5 27. f6 Be6 28. h4 Rg8 29. Rg1 Bxa2 30. Rxa2 Qe6 31. Raa1 g4 32. Raf1 Rg6 33. Qf5 Re8 34. Kh2 Qxf5 35. Rxf5 Re6 36. Rgf1 Kg8 37. Kg3 Kf8 38. h5 Rg8 39. Rh1 Ke8 40. Rh4 Kd7 41. Rxg4 Rc8 42. Rg7 Rf8 43. Kg4 Ree8 44. Rf2 Ke6 45. Kh4 Rc8 46. Rh7 Rh8 47. Rg7 Rc7 48. Rgg2 Rhc8 49. Kh3 b4 50. axb4 Rb8 51. Rf1 Rxb4 52. Ra1 Rc6 53. Rf2 Rcb6 54. Kg4 R6b5 55. Ra3 Rb6 56. c3 dxc3 57. bxc3 Rb3 58. Rfa2 Rxa3 59. Rxa3 Ra6 60. d4 Kxf6 61. d5 Ke7 62. Kf5 f6 63. Kg6 Ra5 64. c4 Kd6 65. Kxf6 Ra8 66. Kg6 Kc5 67. Kxh6 Kxc4 68. Kg7 Ra7+ 69. Kg6 Ra6+ 70. Kf7 Ra7+ 71. Ke6 Kd4 72. d6 Ra6 73. Ke7 Kxe4 74. d7 Ra7 75. Ke8 1-0


[Site "https://www.chess.com"]